Map: Wieczne Imperium ER

Players

kers

  • Race: Protoss Protoss
  • League: Platinum
  • Spawn Location: 1:00

Svone - Winner!

  • Race: Zerg Zerg
  • League: Silver
  • Spawn Location: 7:00

VOD

Have the link to the VOD?

Description

Time

  • Played on: March 4, 2020, 1:28 p.m.
  • Length: 9:23
Show
View Real Time Build Order
Export as new Build Order

kers Protoss 

Build Orders: 1 Gate Expand 

Get SALT Encoding   

  12  0:00  Probe  
  13  0:12  Probe  
  14  0:21  Pylon  
  14  0:25  Probe  
  15  0:39  Probe (Chrono Boost)  
  16  0:44  Gateway  
  16  0:51  Probe (Chrono Boost)  
  17  1:00  Probe (Chrono Boost)  
  18  1:05  Probe, Assimilator  
  19  1:17  Probe  
  20  1:29  Probe  
  20  1:32  Nexus  
  21  1:44  Cybernetics Core  
  21  1:51  Pylon  
  21  1:54  Probe  
  22  2:08  Gateway  
  22  2:09  Warp Gate (Chrono Boost), Probe  
  23  2:19  Adept (Chrono Boost)  
  23  2:22  Probe  
  26  2:30  Assimilator  
  26  2:34  Probe  
  27  2:46  Probe  
  27  2:48  Stalker  
  27  2:50  Probe  
  31  2:57  Sentry  
  31  2:58  Probe  
  34  3:03  Probe  
  35  3:06  Assimilator  
  35  3:10  Probe  
  36  3:15  Probe  
  37  3:33  Robotics Facility  
  37  3:35  Probe x2  
  39  3:43  Gateway  
  39  3:47  Probe x2  
  41  3:59  Probe x2  
  41  4:00  Stalker  
  45  4:05  Pylon  
  45  4:07  Pylon  
  45  4:10  Pylon  
  45  4:11  Probe  
  46  4:23  Probe x2, Observer  
  49  4:32  Pylon, Stalker  
  49  4:33  Stalker  
  49  4:35  Probe x2  
  55  4:38  Sentry  
  57  4:46  Forge  
  57  4:47  Probe  
  57  4:48  Probe  
  57  4:49  Twilight Council  
  57  4:51  Observer  
  60  4:59  Probe  
  61  5:00  Probe, Pylon  
  61  5:01  Assimilator  
  61  5:04  Pylon  
  62  5:10  Adept x2  
  62  5:11  Adept  
  62  5:12  Probe x2  
  70  5:16  Protoss Ground Weapons Level 1 (Chrono Boost)  
  70  5:17  Immortal  
  74  5:24  Probe x2, Charge (Chrono Boost)  
  76  5:36  Probe x2  
  78  5:47  Sentry x2  
  78  5:48  Probe x2  
  78  5:49  Zealot  
  86  6:00  Probe x2  
  86  6:02  Templar Archives  
  88  6:10  Pylon  
  88  6:12  Pylon  
  88  6:15  Probe x2  
  88  6:17  Gateway  
  90  6:18  Gateway  
  90  6:27  Probe x2  
  90  6:28  Psionic Storm  
  92  6:34  Zealot x3  
  92  6:39  Probe x2  
  100  6:50  Gateway  
  100  6:51  Probe  
  100  6:52  Probe, Gateway  
  100  6:53  Gateway  
  102  6:57  Pylon  
  102  6:59  Pylon  
  102  7:02  Pylon  
  102  7:03  Probe, Gateway  
  102  7:04  Probe  
  102  7:08  Protoss Ground Armor Level 1 (Chrono Boost)  
  104  7:10  Immortal, Observer  
  104  7:12  High Templar  
  110  7:16  Probe x2  
  110  7:17  High Templar  
  114  7:28  Probe x2  
  116  7:31  Nexus  
  116  7:32  Pylon  
  116  7:38  High Templar x2  
  116  7:40  Probe x2  
  122  7:44  Pylon  
  122  7:46  Pylon  
  122  7:56  Probe x2  
  124  8:02  Photon Cannon  
  124  8:03  Photon Cannon  
  124  8:05  Photon Cannon  
  124  8:07  Shield Battery  
  124  8:09  Assimilator  
  124  8:10  High Templar x2  
  128  8:13  Immortal  
  128  8:14  Assimilator  
  128  8:25  Archon  
  128  8:26  Archon  
  128  8:27  Zealot x6  
  106  8:28  Zealot  
  78  8:51  High Templar  
  78  8:52  High Templar x2  
  78  8:53  Zealot x5  
  78  8:54  Zealot  
  95  9:02  Archon  
Show
View Real Time Build Order
Export as new Build Order

Svone Zerg - Winner!

Build Orders: Pool First 

Get SALT Encoding   

  12  0:15  Overlord  
  12  0:16  Drone  
  12  0:18  Drone  
  14  0:35  Spawning Pool  
  14  0:39  Drone  
  15  0:57  Drone  
  15  0:58  Drone  
  16  1:13  Hatchery  
  16  1:17  Drone  
  16  1:19  Drone  
  16  1:22  Extractor  
  16  1:25  Drone  
  17  1:36  Queen  
  19  1:42  Drone  
  19  1:44  Drone  
  21  1:56  Drone  
  22  2:14  Overlord  
  22  2:15  Overlord  
  22  2:25  Drone  
  22  2:27  Queen  
  22  2:28  Drone  
  26  2:43  Drone x2  
  28  2:53  Metabolic Boost  
  28  2:56  Hatchery  
  27  2:59  Drone  
  27  3:00  Drone x2  
  27  3:01  Drone  
  31  3:09  Roach Warren  
  30  3:16  Drone x3  
  30  3:18  Drone  
  34  3:26  Drone  
  35  3:33  Evolution Chamber  
  34  3:36  Evolution Chamber  
  34  3:39  Drone x3  
  36  3:46  Queen  
  38  3:49  Drone x3  
  38  3:50  Drone  
  38  3:55  Lair  
  42  3:57  Drone  
  43  4:15  Drone x7  
  50  4:18  Overlord x2  
  50  4:20  Overlord  
  50  4:36  Queen  
  50  4:37  Extractor  
  51  4:44  Zerg Missile Weapons Level 1  
  51  4:45  Zerg Ground Armor Level 1  
  51  4:47  Roach  
  53  5:03  Drone x3  
  53  5:04  Drone x2  
  53  5:06  Extractor  
  57  5:21  Roach  
  57  5:22  Roach x4  
  57  5:27  Hatchery  
  66  5:41  Roach  
  66  5:42  Roach x3, Overlord x2  
  74  5:43  Overlord x2  
  74  5:47  Overlord x2  
  74  5:52  Glial Reconstitution  
  74  5:54  Extractor  
  73  6:05  Roach x3  
  73  6:06  Roach x3  
  73  6:08  Roach  
  87  6:12  Extractor  
  87  6:15  Drone x2  
  87  6:16  Drone x4  
  92  6:21  Roach  
  92  6:22  Roach x3  
  92  6:23  Roach  
  92  6:24  Overlord x3  
  102  6:39  Queen  
  104  6:45  Drone x7  
  111  6:49  Roach  
  113  6:59  Spore Crawler  
  112  7:02  Drone x2  
  112  7:03  Drone x3  
  112  7:04  Spore Crawler  
  112  7:06  Spore Crawler  
  112  7:07  Spore Crawler  
  114  7:12  Roach x3  
  114  7:13  Roach x3  
  126  7:17  Roach x2  
  130  7:30  Roach  
  130  7:31  Roach x6  
  144  7:44  Roach  
  144  7:45  Roach  
  144  7:47  Ravager x4  
  152  7:52  Overlord x2  
  152  7:54  Overlord  
  152  8:17  Hatchery  
  132  8:39  Roach  
  132  8:40  Roach x12  
  152  8:59  Roach x6  
Tags
 
Add a new tag
Caveats
  • Supply blocks, unpowered buildings, or Contaminate may cause inaccurate times.
  • Supply counts are checked every 10 seconds.